 Dungeon Crawl Stone Soup version 0.17-a0-1945-gfe993df (webtiles) character file.

93 Ordine the Conjurer (level 4, -2/24 HPs)
             Began as a Gargoyle Wizard on Oct 1, 2015.
             Killed from afar by Natasha (3 damage)
             ... with a magic dart
             ... on level 2 of the Dungeon.
             The game lasted 00:06:13 (1211 turns).

Ordine the Conjurer (Gargoyle Wizard)               Turns: 1211, Time: 00:06:13

Health: -2/24      AC:  6    Str: 10    XL:     4   Next: 62%
Magic:  3/9        EV: 15    Int: 20    God:
Gold:   81         SH:  0    Dex:  8    Spells: 1 memorised, 9 levels left

rFire  . . .     SeeInvis .     e - +1 club
rCold  . . .     Clarity  .     a - +1 robe
rNeg   + . .     SustAt   .     (no shield)
rPois  ∞         Gourm    .     b - +0 hat
rElec  +         Spirit   .     (no cloak)
rCorr  .         Warding  .     (no gloves)
rMut   .         Stasis   .     (no boots)
MR     +....                    (no amulet)
Stlth  ++........               q - ring of protection from magic
                                g - +4 ring of evasion

@: somewhat resistant to hostile enchantments, unstealthy
A: negative energy resistance 1, electricity resistance, unbreathing,
petrification resistance, rot immunity, AC +3
a: no special abilities


You were on level 2 of the Dungeon.
You were not hungry.

You visited 1 branch of the dungeon, and saw 2 of its levels.

You collected 81 gold pieces.

Inventory:

Hand weapons
 e - a +1 club (weapon)
Armour
 a - a +1 robe (worn)
 b - a +0 hat (worn)
Jewellery
 g - a +4 ring of evasion (left hand)
 q - a ring of protection from magic (right hand)
Scrolls
 m - a scroll of enchant weapon
 p - a scroll of recharging
 r - a scroll of identify
Potions
 h - a potion of flight
 k - 3 potions of might {unknown}
 l - a potion of heal wounds {unknown}
 n - a potion of haste {unknown}
 o - 2 potions of curing
Books
 c - a book of Minor Magic

   Spells                             Type                      Level
   a - Magic Dart                     Conjuration                  1
   b - Blink                          Translocation                2
   c - Call Imp                       Summoning                    2
   d - Repel Missiles                 Charms/Air                   2
   e - Slow                           Hexes                        2
   f - Conjure Flame                  Conjuration/Fire             3
   g - Mephitic Cloud                 Conjuration/Poison/Air       3
Comestibles
 d - 2 bread rations
 f - a royal jelly
 i - 6 chunks of flesh
 j - a meat ration


   Skills:
 - Level 1.5 Dodging
 - Level 2.1 Stealth
 + Level 3.7 Spellcasting
 * Level 3.8 Conjurations
   Level 0.8 Summonings
   Level 0.8 Translocations


You had 9 spell levels left.
You knew the following spells:

 Your Spells              Type           Power        Failure   Level  Hunger
a - Magic Dart            Conj           ###.         2%          1    None


Dungeon Overview and Level Annotations

Branches:
Dungeon (2/15)

Altars:

Annotations:
D:2 Natasha


Innate Abilities, Weirdness & Mutations

You are resistant to torment.
Your stone body is resilient (AC +3).
You are immune to poison.
You resist negative energy.
You are resistant to electric shocks.
You can survive without breathing.
You are immune to petrification.
You are immune to rotting.


Message History

Confirm with . or Enter, or press ? or * to list all spells.
Aiming: Magic Dart
Press: ? - help, Shift-Dir - straight line, f/p - Natasha
Aim: Natasha, carrying a wand of frost {zapped: 4} (heavily wounded)
The magic dart hits Natasha.
Natasha is almost dead.
Natasha stares at you and mumbles some strange words.
The magic dart hits you!
* * * LOW HITPOINT WARNING * * *
The shadow imp misses you.
Casting: Magic Dart
Confirm with . or Enter, or press ? or * to list all spells.
Aiming: Magic Dart
Press: ? - help, Shift-Dir - straight line, f/p - Natasha
Aim: Natasha, carrying a wand of frost {zapped: 4} (almost dead)
The magic dart hits Natasha.
Natasha is almost dead.
Natasha casts a spell at you. The magic dart hits you!
You die...

#.# #.# #.# #.#
#.# #.# #.# #.#
#.# #.###.###
#.#..... #
#.#.#.#######....
#.......5@h...#
###.#.######..#
#.#.# # #.#.#
..#.# ....#
######


You could see Natasha and a shadow imp.

Vanquished Creatures
  Natasha (D:2)
  4 adders (D:2)
  A worm (D:2)
  4 bats
  4 giant cockroaches (D:1)
  7 goblins
  3 hobgoblins
  3 giant newts (D:1)
  2 jackals (D:2)
  A kobold (D:1)
  5 rats
35 creatures vanquished.

Notes
Turn   | Place    | Note
--------------------------------------------------------------
     0 | D:1      | Ordine the Gargoyle Wizard began the quest for the Orb.
     0 | D:1      | Reached XP level 1. HP: 10/10 MP: 4/4
   108 | D:1      | Reached XP level 2. HP: 6/15 MP: 0/6
   712 | D:2      | Reached XP level 3. HP: 19/19 MP: 4/7
   917 | D:2      | Noticed Natasha
   927 | D:2      | Killed Natasha
   927 | D:2      | Reached XP level 4. HP: 20/24 MP: 0/9
  1201 | D:2      | Noticed Natasha
  1210 | D:2      | HP: 1/24 [Natasha/magic dart (4)]
  1211 | D:2      | Killed from afar by Natasha

Vault maps used:
D:1:      dpeg_arrival_short_road
D:2:      minmay_misc_feat_roman, uniq_iyjb, uniq_natasha

Action                   |  1- 3 |  4- 6 || total
-------------------------+-------+-------++-------
Melee: Club              |    59 |    15 ||    74
 Cast: Magic Dart        |    58 |    18 ||    76
  Use: Scroll            |     7 |       ||     7
  Eat: Chunk             |       |     1 ||     1
